 Dungeon Crawl Stone Soup version 0.31-a0-826-ga5cc291a1b (webtiles) character file.

Game seed: 14821351977462215047

47 qw the Shooter (level 3, -2/22 HPs)
             Began as a Gargoyle Hunter on Sept 23, 2023.
             Slain by a goblin
             ... wielding a +0 dagger
             ... led by Robin
              (4 damage)
             ... on level 3 of the Dungeon.
             The game lasted 00:00:25 (1256 turns).

qw the Shooter (Gargoyle Hunter)                    Turns: 1256, Time: 00:00:25

Health: -2/22      AC:  9    Str: 14    XL:     3   Next: 70%
Magic:  3/3        EV: 10    Int:  9    God:
Gold:   111        SH:  0    Dex: 15    Spells: 2/2 levels left

rFire   . . .        e - +0 shortbow (heavy)
rCold   . . .        (shield currently unavailable)
rNeg    + . .        b - +0 ring mail
rPois   inf          (no helmet)
rElec   +            (no cloak)
rCorr   .            (no gloves)
SInv    .            d - +0 pair of boots
Will    .....        (no amulet)
Stlth   +            (no ring)
HPRegen 0.23/turn    (no ring)
MPRegen 0.08/turn

%: no passive effects
@: no status effects
A: sickness immunity, AC +3, negative energy resistance 1, electricity
resistance, torment resistance 1, petrification resistance
a: no special abilities


You were on level 3 of the Dungeon.
You visited 1 branch of the dungeon, and saw 3 of its levels.

You collected 111 gold pieces.


Innate Abilities, Weirdness & Mutations

You are immune to sickness and miasma.
Your stone body is resilient. (AC +3)
You are immune to poison.
You resist negative energy. (rN+)
You are resistant to electric shocks. (rElec)
You are resistant to unholy torment.
You are immune to petrification.


   Skills:
 - Level 2.8 Fighting
 - Level 5.0 Ranged Weapons
 + Level 0.1 Armour
 - Level 1.5 Dodging
 - Level 1.1 Stealth


You had 2 spell levels left.
You didn't know any spells.
Your spell library was empty.

Inventory:

Hand Weapons
 e - a +0 heavy shortbow (weapon)
Armour
 b - a +0 ring mail (worn)
 d - a +0 pair of boots (worn)
Potions
 a - a potion of enlightenment {unknown}
 f - a potion of attraction {unknown}
 h - a potion of might
 j - a potion of ambrosia {unknown}

Dungeon Overview and Level Annotations

Branches:
Dungeon (3/15)

Altars:

Annotations:
D:3 Robin


Message History

You shoot an arrow. The goblin shouts! x4
The arrow hits the goblin.
The goblin is heavily wounded.
You hear a shout!
The goblin hits you with a +0 club.
Robin roars a battlecry!
The goblins go into a battle-frenzy!
The goblin closely misses you.
A hobgoblin comes into view.
The goblin hits you with a +0 club. The goblin completely misses you.
You shoot an arrow. The arrow barely misses the goblin.
The goblin hits you but does no damage.
A hobgoblin comes into view.
The goblin hits you but does no damage.
A hobgoblin comes into view.
The goblin hits you with a +0 club. The goblin hits you with a +0 dagger.
You shoot an arrow. The arrow barely misses the goblin.
The goblin closely misses you.
A goblin comes into view. It is wielding a +0 dagger.
The goblin hits you but does no damage. x2
The goblin hits you with a +0 dagger.
You shoot an arrow. The arrow barely misses the goblin.
The goblin hits you but does no damage. x2
A goblin comes into view. It is wielding a +0 club.
You shoot an arrow. The arrow closely misses the goblin.
The goblin shouts!
The goblin barely misses you.
The goblin hits you but does no damage. x3
You shoot an arrow. The arrow closely misses the goblin.
The goblin hits you with a +0 club. The goblin hits you with a +0 dagger.
The goblin barely misses you. The goblin closely misses you.
You shoot an arrow. The arrow misses the goblin.
The goblin closely misses you. x2; The goblin barely misses you.
The goblin hits you but does no damage.
You shoot an arrow. The arrow hits the goblin.
You kill the goblin!
The hobgoblin no longer looks unusually strong.
The goblin no longer looks unusually strong.
The goblin hits you with a +0 dagger.
You die...

g. g#
gg g##
gg
###.#
##.#g#
#..@g#
##.###
#.#
#.#
#<#
#.#
#.#
#.#
...


You could see 4 hobgoblins and 5 goblins.

Vanquished Creatures
  3 worms (D:2)
  2 dart slugs
  A ball python (D:2)
  4 endoplasms
  2 giant cockroaches (D:2)
  3 goblins
  3 hobgoblins (D:1)
  3 jackals (D:1)
  3 kobolds
  3 bats
  2 frilled lizards
  3 rats
32 creatures vanquished.

Notes
Turn   | Place    | Note
-------+----------+-------------------------------------------
     0 | D:1      | qw the Gargoyle Hunter began the quest for the Orb.
     0 | D:1      | Reached XP level 1. HP: 12/12 MP: 1/1
     0 | D:1      | 0 ||| qw: Version: 0.3-a-83-gcd0e7d8
     0 | D:1      | 0 ||| qw: Game counter: 1826
     0 | D:1      | 0 ||| qw: Melee chars always use a shield: true
     0 | D:1      | 0 ||| qw: God list: Okawaru
     0 | D:1      | 0 ||| qw: Allow faded altars: false
     0 | D:1      | 0 ||| qw: Do Orc after clearing Dungeon:15 true
     0 | D:1      | 0 ||| qw: Do second Lair branch before Depths: true
     0 | D:1      | 0 ||| qw: Lair rune preference: random
     0 | D:1      | 0 ||| qw: Goals: Normal
     0 | D:1      | 0 ||| PLANNING D:1-11
   109 | D:1      | Reached XP level 2. HP: 12/17 MP: 2/2
   453 | D:1      | 453 ||| UPGRADING to +0 pair of boots.
   458 | D:1      | 458 ||| READING scroll labelled PUHIGA EJOF.
   459 | D:1      | 459 ||| READING scroll labelled BYLOP AFIAWN.
   460 | D:1      | 460 ||| READING scroll labelled ZAMIKL PESUEKY.
   461 | D:1      | 461 ||| DRINKING 2 cyan potions.
   462 | D:1      | 462 ||| DROPPING scroll of butterflies.
   536 | D:2      | Found a faded altar of an unknown god.
   619 | D:2      | Reached XP level 3. HP: 13/21 MP: 3/3
   661 | D:2      | Reached skill level 5 in Ranged Weapons
  1145 | D:2      | 1145 ||| READING scroll of brand weapon.
  1145 | D:2      | 1145 ||| BRANDING +0 shortbow of freezing.
  1216 | D:2      | 1216 ||| UPGRADING to +0 ring mail.
  1226 | D:2      | 1226 ||| DROPPING +0 leather armour.
  1227 | D:2      | 1227 ||| READING scroll labelled ROCUCL ETHRODD.
  1247 | D:3      | Noticed Robin
  1251 | D:3      | HP: 5/22 [goblin/+0 dagger[Robin] (5)]
  1254 | D:3      | HP: 1/22 [goblin/+0 dagger[Robin] (2)]
  1256 | D:3      | Slain by a goblin

Levels and vault maps discovered:
D:1:      tarquinn_simple_flora_water_b, layout_rooms
D:2:      layout_basic, shapermc_ecumenical_altar_hornbeckon,
          grunt_ministairs_10
D:3:      layout_loops_ring, minmay_misc_feat_four_crosses,
          kennysheep_flooded_box, nicolae_shop_vocational, uniq_robin,
          uniq_sigmund

Skill      XL: |  1  2  3 |
---------------+----------+-----
Ranged Weapons | 5 |  5.0
Fighting       | |  2.8
Armour         | |  0.1
Dodging        | |  1.5
Stealth        | |  1.1

Action                     || total
---------------------------++-------
   Fire: Shortbow          ||    86
    Use: Scroll            ||     5
         Potion            ||     1
 Armour: Leather armour    ||    11
         Ring mail         ||    20
  Dodge: Dodged            ||    21

Table legend:
 A = Non-vault XP
 B = Vault XP
 C = Vault XP percentage of total XP
 D = Non-vault monster count
 E = Vault monster count
 F = Vault count percentage of total count
                 A         B        C        D         E       F
            +---------+---------+-------+---------+---------+-------
      Total |      59 |      11 |  15.7 |      28 |       4 |  12.5
            +---------+---------+-------+---------+---------+-------
        D:1 |      26 |       0 |   0.0 |      14 |       0 |   0.0
        D:2 |      33 |       7 |  17.5 |      14 |       2 |  12.5
        D:3 |       0 |       4 | 100.0 |       0 |       2 | 100.0
            +---------+---------+-------+---------+---------+-------
